 Dungeon Crawl Stone Soup version 0.28.0-45-g0d030f2227 (webtiles) character file.

Game seed: 8044382295618308498

18052 selver the Slinger (level 12, -47/61 HPs)
             Began as a Spriggan Brigand on Apr 10, 2022.
             Was a Priest of Wu Jian.
             Hit by a silver javelin thrown by a minotaur (53 damage)
             ... in a Gauntlet.
             The game lasted 01:24:29 (17964 turns).

selver the Slinger (Spriggan Brigand)              Turns: 17964, Time: 01:24:30

Health: -47/61     AC:  6    Str: 13    XL:     12   Next: 24%
Magic:  22/22      EV: 43    Int: 12    God:    Wu Jian [***...]
Gold:   570        SH:  0    Dex: 22    Spells: 11/11 levels left

rFire   . . .      SeeInvis +   R - +8 hunting sling of Midnight {flame, Fragile rCorr MP+9}
rCold   . . .      Faith    .   (no shield)
rNeg    . . .      Spirit   .   q - +0 steam dragon scales
rPois   .          Reflect  .   (helmet restricted)
rElec   .          Harm     .   c - +0 cloak
rCorr   +          Rampage  .   (gloves unavailable)
Will    ++...      Rage     1%  (boots unavailable)
Stlth   ++++++.... NoTele   +   y - amulet of the acrobat
HPRegen 0.20/turn               k - +6 ring of strength
MPRegen 0.18/turn               A - ring of resist corrosion

@: acrobatic, very quick
A: very small, no large weapons, unfitting armour, see invisible, speed 3,
berserk 1, MP-powered wands
a: Renounce Religion, Wall Jump, Serpent's Lash


You were in a Gauntlet.
You worshipped Wu Jian.
Wu Jian was most pleased with you.
You visited 3 branches of the dungeon, and saw 11 of its levels.
You also visited: Bailey and Gauntlet.

You collected 570 gold pieces.

Inventory:

Hand Weapons
 a - a +2 dagger
 b - a +1 hunting sling
 e - the +2 quarterstaff of Zous {freeze, *Rage rF+++ Stlth+}
   (You found it on level 3 of the Dungeon)

   It freezes those it strikes, dealing additional cold damage.
   It can also slow down cold-blooded creatures.
   rF:        It renders you almost immune to fire.
   *Rage:     It berserks you when you make melee attacks (+20% chance).
   Stlth:     It makes you more stealthy.
 C - a +0 rapier
 R - the +8 hunting sling of Midnight (weapon) {flame, Fragile rCorr MP+9}
   (You found it on level 9 of the Dungeon)

   Any ammunition fired from it burns those it strikes, dealing additional fire
   damage.
   MP:        It affects your magic capacity (+9).
   rCorr:     It protects you from acid and corrosion.
   Fragile:   It will be destroyed if unequipped.
Missiles
 d - 20 poisoned darts
 g - 12 boomerangs
 m - 302 stones
 u - 12 sling bullets (quivered ammo)
Armour
 c - a +0 cloak (worn)
 f - a +0 leather armour
 n - a +0 robe
 q - +0 steam dragon scales (worn)
 E - the +1 leather armour "Tuilista" {rPois rF+++ Will+ Dex-5}
   (You found it on level 7 of the Dungeon)

   Dex:       It affects your dexterity (-5).
   rF:        It renders you almost immune to fire.
   rPois:     It protects you from poison.
   Will:      It increases your willpower.
Jewellery
 j - a ring of protection from cold
 k - a +6 ring of strength (left hand)
 y - an amulet of the acrobat (around neck)
 A - a ring of resist corrosion (right hand)
Wands
 v - a wand of digging (5)
 x - a wand of acid (6)
 D - a wand of paralysis (15)
 L - a wand of polymorph (12)
 P - a wand of mindburst (4)
 Q - a wand of iceblast (3)
Scrolls
 h - 6 scrolls of teleportation
 i - a scroll of brand weapon {unknown}
 l - 3 scrolls of blinking {unknown}
 o - a scroll of summoning {unknown}
 r - a scroll of fog
 F - 2 scrolls of enchant weapon
 H - 3 scrolls of fear
 K - a scroll of magic mapping
 M - a scroll of torment {unknown}
 N - a scroll of enchant armour {unknown}
Potions
 p - 2 potions of resistance
 s - a potion of lignification {unknown}
 t - a potion of flight
 w - 2 potions of cancellation
 z - a potion of attraction
 G - a potion of magic {unknown}
 I - a potion of mutation
 O - a potion of brilliance


   Skills:
 * Level 6.1 Fighting
 - Level 10.0 Short Blades
 - Level 14.5(14.6) Slings
 - Level 2.0(8.2) Throwing
 - Level 12.2 Dodging
 - Level 12.5 Stealth


You had 11 spell levels left.
You didn't know any spells.
Your spell library contained the following spells:

 Spells                   Type           Power      Damage    Failure   Level
 Conjure Flame            Conj/Fire      0%         6-21      69%         3
 Ignite Poison            Fire/Tmut/Pois 0%         N/A       69%         3
 Portal Projectile        Hex/Tloc       0%         N/A       69%         3
 Sticky Flame             Conj/Fire      0%         2d3       97%         4
 Blade Hands              Tmut           0%         N/A       100%        5
 Excruciating Wounds      Necr           0%         N/A       100%        5


Dungeon Overview and Level Annotations

Branches:
Dungeon (9/15)             Temple (1/1) D:4            Lair (1/6) D:9
 Bailey (visited)         Gauntlet (1/1)
    Orc: D:9-12

Altars:
Ashenzari
Cheibriados
Dithmenos
Elyvilon
Fedhas
Gozag
Hepliaklqana
Kikubaaqudgha
Makhleb
Nemelex Xobeh
Okawaru
Qazlal
Ru
Sif Muna
Trog
Uskayaw
Vehumet
Wu Jian
Xom
Yredelemnul
Zin
The Shining One

Annotations:
Gauntlet 6 transporters


Innate Abilities, Weirdness & Mutations

You are very small and have problems with some larger weapons.
You are too small for most types of armour.
You have supernaturally acute eyesight. (SInv)
You cover ground extremely quickly. (Speed+++)
You tend to lose your temper in combat.
You expend magic power (3 MP) to strengthen your wands.


Message History

Fire: 15 sling bullets
Press: ? - help, Q - select action, (/) - cycle Shift-Dir - straight line, f/p - minotaur
Aim: a minotaur, wielding the +10 trident "Jaqesaur" {spect, Contam Int+4}, wearing quicksilver dragon scales, wearing a +2 tower shield of fire resistance, wearing the ring of Defibbogeuts {rElec rF- Str-3 Slay+6 SInv} and quivering silver javelins (heavily wounded, very poisoned, 85% to hit)
You shoot a sling bullet. The sling bullet hits the minotaur.
The sling bullet burns the minotaur.
The minotaur is severely wounded.
Fire: 14 sling bullets
Press: ? - help, Q - select action, (/) - cycle Shift-Dir - straight line, f/p - minotaur
Aim: a minotaur, wielding the +10 trident "Jaqesaur" {spect, Contam Int+4}, wearing quicksilver dragon scales, wearing a +2 tower shield of fire resistance, wearing the ring of Defibbogeuts {rElec rF- Str-3 Slay+6 SInv} and quivering silver javelins (severely wounded, very poisoned, 85% to hit)
You shoot a sling bullet. The minotaur blocks the sling bullet.
Fire: 13 sling bullets
Press: ? - help, Q - select action, (/) - cycle Shift-Dir - straight line, f/p - minotaur
Aim: a minotaur, wielding the +10 trident "Jaqesaur" {spect, Contam Int+4}, wearing quicksilver dragon scales, wearing a +2 tower shield of fire resistance, wearing the ring of Defibbogeuts {rElec rF- Str-3 Slay+6 SInv} and quivering silver javelins (severely wounded, very poisoned, 85% to hit)
You shoot a sling bullet. The sling bullet hits the minotaur.
The sling bullet burns the minotaur.
The minotaur is severely wounded.
Fire: 12 sling bullets
Press: ? - help, Q - select action, (/) - cycle Shift-Dir - straight line, f/p - minotaur
Aim: a minotaur, wielding the +10 trident "Jaqesaur" {spect, Contam Int+4}, wearing quicksilver dragon scales, wearing a +2 tower shield of fire resistance, wearing the ring of Defibbogeuts {rElec rF- Str-3 Slay+6 SInv} and quivering silver javelins (severely wounded, very poisoned, 85% to hit)
You shoot a sling bullet. The minotaur blocks the sling bullet.
The minotaur throws a silver javelin.
The silver javelin barely misses you.
The minotaur throws a silver javelin.
The silver javelin closely misses you.
Fire: 11 sling bullets
Press: ? - help, Q - select action, (/) - cycle Shift-Dir - straight line, f/p - minotaur
Aim: a minotaur, wielding the +10 trident "Jaqesaur" {spect, Contam Int+4}, wearing quicksilver dragon scales, wearing a +2 tower shield of fire resistance, wearing the ring of Defibbogeuts {rElec rF- Str-3 Slay+6 SInv} and quivering silver javelins (severely wounded, very poisoned, 85% to hit)
You shoot a sling bullet.
The sling bullet hits the minotaur but does no damage.
The minotaur is severely wounded.
The minotaur throws a silver javelin.
The silver javelin pierces through you!!
* * * LOW HITPOINT WARNING * * *
The silver sears you!
* * * LOW HITPOINT WARNING * * *
u - 11 sling bullets (gained 1)
d - 20 poisoned darts (gained 1);
u - 12 sling bullets (gained 1)
You see here 2 sling bullets.
The minotaur throws a silver javelin.
The silver javelin pierces through you!!!
Ouch! That really hurt!
You die...

##..#(.##.(#..
#####≈..#?.#..##..
########..###..#".##..#..
#..... ...##≈..#©.#.©##..
##.##.###..###..#..##..#..
#8......(..##§..#[.#.(##..
#.....#H#..###..#.(##..#..
#######.#.#....#..#.....#...
}8[8.8#.(.#@..©#..##########
..((..'H###(...#............
)8)8.8#...#....#.∩..........
#######.#.#...©#..#########.
#.....#.#....#..#2......#.
#8......H..###..#..####.#.
##.##.###..##≈..#[#...#.##
#..... ...###..#©#.©.#.#©
########..##≈..#:#...#.##


You could see a minotaur (poisoned).

Vanquished Creatures
  An orc warlord (Bailey)
  A necromancer (Gauntlet)
  A komodo dragon (D:9)
  Grinder (D:2)
  2 shadows
  14 yaks
  2 wraiths
  A wyvern (D:8)
  A hog (shapeshifter) (Gauntlet)
  3 steam dragons
  A large abomination (Gauntlet)
  2 water moccasins
  6 orc warriors
  An ice beast (D:5)
  A black bear (shapeshifter) (Gauntlet)
  2 necrophages
  A sky beast (D:5)
  A centaur (D:6)
  2 ogres (D:6)
  3 wolves (Gauntlet)
  A kobold brigand (D:7)
  2 bullfrogs (D:8)
  3 scorpions
  A small abomination (Gauntlet)
  A water moccasin zombie (D:7)
  4 killer bees (D:9)
  5 wights (D:9)
  4 centaur zombies
  A jelly (D:6)
  2 orc priests (D:8)
  3 gnoll shamans
  A bullfrog zombie (D:6)
  A bullfrog skeleton (D:5)
  A centaur skeleton (D:4)
  A hound (D:5)
  2 iguanas (D:6)
  2 orc wizards (D:5)
  A killer bee zombie (D:6)
  A hound skeleton (D:5)
  Robin (D:2)
  10 adders
  16 gnolls
  A howler monkey skeleton (D:5)
  A white imp (D:6)
  An ufetubus (D:6)
  2 adder skeletons (D:4)
  4 worms
  2 dart slugs
  13 orcs
  5 bats
  6 endoplasms
  3 giant cockroaches
  21 goblins
  15 hobgoblins
  2 jackals (D:2)
  2 quokkas (D:3)
  12 ball pythons
  A frilled lizard (D:2)
  2 jackal skeletons
  24 kobolds
  5 rats
233 creatures vanquished.

Vanquished Creatures (others)
  A plant (D:9)
1 creature vanquished.

Grand Total: 234 creatures vanquished

Notes
Turn   | Place    | Note
-------+----------+-------------------------------------------
     0 | D:1      | selver the Spriggan Brigand began the quest for the Orb.
     0 | D:1      | Reached XP level 1. HP: 10/10 MP: 2/2
   637 | D:1      | Reached XP level 2. HP: 9/14 MP: 3/3
  2072 | D:2      | Reached XP level 3. HP: 8/18 MP: 4/4
  2205 | D:2      | Found a faded altar of an unknown god.
  2917 | D:2      | Reached XP level 4. HP: 22/22 MP: 5/5
  3815 | D:2      | Found a shimmering blue altar of Sif Muna.
  4657 | D:3      | Noticed a steam dragon
  4732 | D:3      | Killed a steam dragon
  4733 | D:3      | Reached XP level 5. HP: 14/25 MP: 6/6
  5093 | D:3      | Reached XP level 6. HP: 30/30 MP: 7/7
  5440 | D:3      | Identified the +2 quarterstaff of Zous {freeze, *Rage rF+++
                  | Stlth+}
  5558 | D:3      | Noticed Grinder
  5724 | D:2      | Killed Grinder
  5725 | D:2      | Reached skill level 2 in Slings
  5964 | D:3      | Noticed Robin
  6033 | D:2      | Killed Robin
  6034 | D:2      | Reached XP level 7. HP: 26/33 MP: 8/8
  6553 | D:4      | Reached skill level 3 in Slings
  7603 | D:4      | Found a blossoming altar of Fedhas.
  7636 | D:4      | Found a staircase to the Ecumenical Temple.
  7692 | Temple   | Entered the Ecumenical Temple
  8039 | Temple   | Became a worshipper of the Wu Jian Council
  8507 | D:5      | Entered Level 5 of the Dungeon
  9244 | D:5      | Reached skill level 4 in Slings
  9948 | D:5      | Reached XP level 8. HP: 36/37 MP: 9/9
 10422 | D:5      | Gained mutation: You tend to lose your temper in combat.
                  | [potion of mutation]
 10422 | D:5      | Gained mutation: You expend magic power (3 MP) to
                  | strengthen your wands. [potion of mutation]
 10732 | D:5      | Reached skill level 5 in Slings
 11314 | D:6      | Reached skill level 10 in Short Blades
 11444 | D:6      | Found a glowing golden altar of the Shining One.
 11770 | D:6      | Reached skill level 5 in Dodging
 11884 | D:6      | Reached * piety under Wu Jian
 11979 | D:6      | Reached skill level 6 in Slings
 12331 | D:6      | Reached XP level 9. HP: 41/41 MP: 10/10
 12921 | D:7      | Identified the +1 leather armour "Tuilista" {rPois rF+++
                  | Will+ Dex-5}
 13136 | D:7      | Identified the +9 war axe of the Undead {vorpal, rC+ Will+
                  | Dex+6}
 13252 | D:7      | You fall into a shaft and drop 1 floor!
 13305 | D:8      | Found a flagged portal.
 13314 | Bailey   | Entered a bailey
 13413 | Bailey   | Noticed an orc warlord
 13513 | Bailey   | Reached skill level 7 in Slings
 13617 | Bailey   | Reached ** piety under Wu Jian
 13922 | Bailey   | Reached skill level 14 in Slings
 13922 | Bailey   | Reached XP level 10. HP: 46/46 MP: 11/11
 14143 | Bailey   | Found a runed translucent gate.
 14144 | Bailey   | Found a runed translucent gate.
 14145 | Bailey   | Found a runed translucent gate.
 14388 | Bailey   | Killed an orc warlord
 14557 | Bailey   | Reached XP level 11. HP: 50/50 MP: 12/12
 16288 | D:9      | Reached XP level 12. HP: 58/58 MP: 13/13
 16338 | D:9      | Found a staircase to the Lair.
 16673 | D:9      | Reached *** piety under Wu Jian
 16913 | D:9      | Identified the +8 hunting sling of Midnight {flame, Fragile
                  | rCorr MP+9}
 17012 | D:9      | Reached skill level 5 in Fighting
 17071 | Lair:1   | Entered Level 1 of the Lair of Beasts
 17169 | Lair:1   | Found a gate leading to a gauntlet.
 17178 | Gauntlet | Entered a Gauntlet
 17178 | Gauntlet | Found a transporter.
 17178 | Gauntlet | Found a transporter.
 17178 | Gauntlet | Found a transporter.
 17179 | Gauntlet | Found a transporter.
 17183 | Gauntlet | Found a transporter.
 17185 | Gauntlet | Found a transporter.
 17189 | Gauntlet | Found a transporter.
 17192 | Gauntlet | Found a transporter.
 17193 | Gauntlet | Found a transporter.
 17194 | Gauntlet | Found a transporter.
 17200 | Gauntlet | Noticed a cacodemon
 17204 | Gauntlet | Found a transporter.
 17204 | Gauntlet | Found a transporter.
 17826 | Gauntlet | Identified the +10 trident "Jaqesaur" {spect, Contam Int+4}
 17826 | Gauntlet | Identified the ring of Defibbogeuts {rElec rF- Str-3 Slay+6
                  | SInv}
 17826 | Gauntlet | Noticed a minotaur
 17964 | Gauntlet | Hit by a silver javelin thrown by a minotaur

Illustrated notes

Levels and vault maps discovered:
D:1:      wheals_arrival_linesprint, layout_basic
D:2:      kennysheep_the_goblin_king, layout_basic, basic_altar,
          basic_ecumenical_altar, minmay_misc_feat_hallway
D:3:      minmay_angry_zag, layout_loops_ring, uniq_grinder, uniq_robin
D:4:      layout_loops_ring, fedhas_ov_isle_minmay, minmay_temple_entry_waves
D:5:      layout_layer_cave
D:6:      layout_loops_ring, kennysheep_mini, enter_ossuary_1,
          hangedman_abyss_or_decor_lesser_grid, small_statue_intersection
D:7:      layout_cave_pools
D:8:      layout_basic, enter_bailey_2
D:9:      layout_irregular_city, david_lair_shrubbed
Temple:   mainiacjoe_temple_cubbyholes
Lair:1:   layout_cave_pods, gauntlet_entry_generic,
          grunt_forest_large_clearing_hut, grunt_megastairs_1
Gauntlet: minmay_gauntlet_mixed_big_or_small
          [nicolae_gauntlet_arena_flowing_pool,
          minmay_gauntlet_arena_77_block_sizes, nicolae_gauntlet_arena_t_cross,
          minmay_gauntlet_arena_77_chump_sandwich,
          gammafunk_gauntlet_arena_teeth, minmay_gauntlet_arena_77_box,
          nicolae_gauntlet_exit_dead_adventurers]

Skill      XL: |  1  2  3  4  5  6  7  8  9 10 11 12 |
---------------+-------------------------------------+-----
Stealth        | 6 7 9 12 | 12.5
Short Blades   | 3 4 6 7 8 10 | 10.0
Slings         | 2 4 6 14 | 14.5
Dodging        | 2 5 7 12 | 12.2
Fighting       | 2 4 6 |  6.1
Throwing       | |  2.0

Action                   |  1- 3 |  4- 6 |  7- 9 | 10-12 || total
-------------------------+-------+-------+-------+-------++-------
Melee: Dagger            |   119 |   111 |   244 |    61 ||   535
       Punch             |     1 |       |     2 |     2 ||     5
 Fire: Hunting sling     |       |   115 |   441 |   373 ||   929
Throw: Dart              |    49 |    44 |    43 |    70 ||   206
       Stone             |       |    14 |       |       ||    14
Invok: Lunge             |       |       |     3 |     1 ||     4
       Whirlwind         |       |       |     2 |       ||     2
  Use: Potion            |     2 |     1 |     5 |     7 ||    15
       Scroll            |       |     3 |     8 |     2 ||    13
 Stab: Sleeping          |     8 |     2 |     6 |     1 ||    17
Armor: Robe              |    12 |     8 |       |       ||    20
       Steam dragon scal |       |    14 |    56 |     6 ||    76
Dodge: Dodged            |    86 |    89 |   292 |    79 ||   546
